AoeStats
← Consultio

Arabia

510196258Analyzed
1v1 RM · 18h ago on Sep 29, 2026· 28m 35s· 2 players
Game mode
Random Map
Map size
Tiny (2 player)
Population
200
Speed
Normal
Resources
Standard
Victory
Conquest
Starting age
Dark Age
Ending age
Imperial Age
RankedLock teamsTeams togetherTeam positionsShared explorationLock speedFull tech treeHidden civsTurbo modeCheats
Victory
Defeat
🇬🇧 Inca · United Kingdom
1245
+14
🇦🇷 Saracens · Argentina
1197
-14
Corintio_AoE
7:35 Loom
10:07 Feudal Age
12:02 Man-at-Arms
14:44 Town Watch
18:51 Fletching
19:02 Double-Bit Axe
19:12 Arson
21:30 Padded Archer Armor
24:21 Scale Mail Armor
25:29 Wheelbarrow
26:15 Forging
29:18 Castle Age
Consultio
5:04 Loom
9:35 Feudal Age
14:49 Padded Archer Armor
18:35 Scale Mail Armor
18:12 Champi Runner
18:54 Double-Bit Axe
19:06 Horse Collar
19:52 Fletching
20:14 Arson
26:57 Castle Age
26:49 Forging
27:02 Crossbowman
27:39 Bodkin Arrow
27:09 Champi Warrior
27:52 Squires
Connection lost

Rejoining the realm…

Still unreachable

The connection could not be restored.

Session expired

The server has moved on; the page needs a fresh start.